 Dungeon Crawl Stone Soup version 0.32-a0-841-g4648e6c457 (webtiles) character file.

Game seed: 2291617526003247057

58 wildpjah the Charlatan (level 3, 0/29 HPs)
             Began as a Mountain Dwarf Artificer on Mar 26, 2024.
             Succumbed to an adder's poison
             ... on level 3 of the Dungeon.
             The game lasted 00:07:27 (2826 turns).

wildpjah the Charlatan (Mountain Dwarf Artificer)   Turns: 2826, Time: 00:07:27

Health: 0/29       AC: 11    Str: 16    XL:     3   Next: 75%
Magic:  3/3        EV:  6    Int: 11    God:
Gold:   100        SH:  0    Dex: 10    Spells: 2/2 levels left

rFire   . . .        x - +0 great mace
rCold   . . .        (shield currently unavailable)
rNeg    . . .        u - +0 chain mail
rPois   .            (no helmet)
rElec   .            (no cloak)
rCorr   .            (no gloves)
SInv    .            w - +1 pair of boots
Will    .....        (no amulet) Stlth
                     (no ring)
HPRegen 0.24/turn    (no ring)
MPRegen 0.08/turn

%: no passive effects
@: lethally poisoned (0 -> -8)
A: runic magic, artefact enchanting
a: no special abilities


You were on level 3 of the Dungeon.
You visited 1 branch of the dungeon, and saw 3 of its levels.

You collected 100 gold pieces.

Inventory:

Hand Weapons
 a - a +0 club
 v - a +0 mace
 x - a +0 great mace (weapon)
Missiles
 g - 28 stones (quivered)
 r - 11 poisoned darts
Armour
 b - a +0 leather armour
 f - a +0 ring mail
 u - a +0 chain mail (worn)
 w - a +1 pair of boots (worn)
Jewellery
 m - a ring of see invisible
 p - a +5 ring of evasion
Wands
 d - a wand of charming (12)
 e - a wand of iceblast (5)
Scrolls
 c - a scroll of revelation {unknown}
 h - a scroll of vulnerability {unknown}
 l - a scroll of fear {unknown}
 o - 6 scrolls of identify {unknown}
 q - a scroll of immolation {unknown}
 t - a scroll of enchant weapon {unknown}
 y - a scroll of acquirement {unknown}
Potions
 i - 2 potions of heal wounds {unknown}
 j - 2 potions of curing {unknown}
 k - a potion of brilliance {unknown}
 n - a potion of attraction {unknown}
 s - a potion of ambrosia {unknown}


   Skills:
 * Level 1.8 Fighting
 - Level 0.1 Maces & Flails
 + Level 3.2 Armour
 + Level 1.0 Dodging
 + Level 0.6 Stealth
 + Level 4.1 Evocations


You had 2 spell levels left.
You didn't know any spells.
Your spell library was empty.

Dungeon Overview and Level Annotations

Branches:
Dungeon (3/15)

Altars:


Innate Abilities, Weirdness & Mutations

Your spellcasting is much less encumbered by armour.
You can use scrolls of enchantment on lesser artefacts.


Message History

The adder poisons you! The adder bites you.
You are more poisoned.
The adder poisons you!
You barely miss the adder.
The adder is lightly wounded.
You feel very sick. The adder barely misses you.
The adder bites you but does no damage.
You miss the adder.
The adder is lightly wounded.
You feel sick. The adder bites you but does no damage. The adder bites you.
You barely miss the adder.
The adder is lightly wounded.
You feel sick.
The adder bites you. x2; The adder closely misses you.
You closely miss the adder.
The adder is lightly wounded.
You feel sick. The adder barely misses you. The adder bites you.
You are more poisoned.
The adder poisons you!
You closely miss the adder.
The adder is lightly wounded.
* * * LOW HITPOINT WARNING * * *
You feel very sick. The adder bites you.
* * * LOW HITPOINT WARNING * * *
The adder bites you but does no damage.
You completely miss the adder.
The adder is lightly wounded.
* * * LOW HITPOINT WARNING * * *
You feel sick.
The adder bites you but does no damage. x2
You closely miss the adder.
The adder is lightly wounded.
* * * LOW HITPOINT WARNING * * *
You feel sick. The adder bites you.
* * * LOW HITPOINT WARNING * * *
You are lethally poisoned!
The adder poisons you! The adder barely misses you.
Unknown command.
You barely miss the adder.
The adder is lightly wounded.
You die...

...
##.##..###.......
#.##..# #.....# #
#.##..# #.....##.#
#.....###.........
#.##...##.......^.
#.##..............
#.............###.#
...##...##S#### ...
#..###@# #. #..#
#.# . ..... ...
#.##.###... #. ..
#.... ......
#...... ........


You could see an adder.

Vanquished Creatures
  An adder (D:2)
  3 ribbon worms (D:2)
  An orc (D:3)
  3 ball pythons
  A bat (D:1)
  4 endoplasms
  A giant cockroach (D:2)
  4 goblins
  A hobgoblin (D:1)
  7 jackals
  2 kobolds
  A quokka (D:1)
  4 frilled lizards (D:2)
  4 rats
37 creatures vanquished.

Notes
Turn   | Place    | Note
-------+----------+-------------------------------------------
     0 | D:1      | wildpjah the Mountain Dwarf Artificer began the quest for
                  | the Orb.
     0 | D:1      | Reached XP level 1. HP: 16/16 MP: 1/1
   563 | D:1      | Reached XP level 2. HP: 23/23 MP: 2/2
  1231 | D:2      | Found a faded altar of an unknown god.
  1401 | D:2      | Reached skill level 4 in Evocations
  1401 | D:2      | Reached XP level 3. HP: 19/28 MP: 3/3
  1549 | D:2      | Reached skill level 1 in Dodging
  2826 | D:3      | Succumbed to an adder's poison

Illustrated notes

Levels and vault maps discovered:
D:1:      dreamdust_arrival_beginning_and_end, layout_loops_corners,
          hangedman_decor_slide_cut
D:2:      layout_basic, hellmonk_ecumenical_altar_leap_of_faith
D:3:      layout_basic, nicolae_overflow_hidden_temple, minmay_puff,
          uniq_natasha

Skill      XL: |  1  2  3 |
---------------+----------+-----
Evocations     | 4 |  4.1
Dodging        | 1 |  1.0
Armour         | 3 |  3.2
Fighting       | |  1.8
Maces & Flails | |  0.1
Stealth        | |  0.6

Action                     || total
---------------------------++-------
  Melee: Club              ||   189
         Great mace        ||    18
         Mace              ||     4
  Evoke: Wand              ||    18
 Armour: Leather armour    ||    21
         Ring mail         ||   152
         Chain mail        ||    24
  Dodge: Dodged            ||   109

Table legend: (Time is in decaauts)
 A = Elapsed time spent in this place.
 B = Non-inter-level travel time spent in this place.
 C = Inter-level travel time spent in this place.
 D = Time resting spent in this place.
 E = Time spent auto-exploring this place.
 F = Levels seen in this place.
 G = Mean time per level.
                   A        B        C        D        E       F      G
               +--------+--------+--------+--------+--------+-----+--------+
         Total |   2893 |   2805 |     88 |    391 |   1755 |   3 |  964.3 |
       Dungeon |   2893 |   2805 |     88 |    391 |   1755 |   3 |  964.3 |
               +--------+--------+--------+--------+--------+-----+--------+

Top non-repeatable levels by time:
     D:2: 1307 daAuts
     D:1: 1130 daAuts
     D:3: 456 daAuts
